 Dungeon Crawl Stone Soup version 0.31-a0-325-g067879e3d3 (webtiles) character file.

Game seed: 865845287945617401

254 cforsyth the Ruffian (level 5, -4/63 HPs)
             Began as a Vampire Shapeshifter on July 18, 2023.
             Was an Initiate of Hepliaklqana.
             Slain by an iguana (7 damage)
             ... on level 5 of the Dungeon.
             The game lasted 00:03:24 (2857 turns).

cforsyth the Ruffian (Vampire Shapeshifter)         Turns: 2857, Time: 00:03:24

Health: -4/63      AC: 22    Str: 20    XL:     5   Next: 90%
Magic:  5/5        EV:  2    Int:  7    God:    Hepliaklqana [......]
Gold:   241        SH:  0    Dex: 14    Spells: 4/4 levels left

rFire   . .          .
                       - Unarmed
rCold   . . .        (no shield)
rNeg    . . .        p - melded +0 chain mail
rPois   +            (helmet currently unavailable)
rElec   .            (cloak currently unavailable)
rCorr   .            (gloves currently unavailable)
SInv    +            (boots currently unavailable)
Will    .....        (no amulet)
Stlth   +            (no ring)
HPRegen 0.50/turn    (no ring)
MPRegen 0.09/turn

%: no passive effects
@: tree-form, healing quickly
A: stationary, stasis, torment immunity, boosted hp, alive, (fangs 3), see
invisible, vampiric 2, (horns 1), dopey 1, strong 1, inability to drink after
injury 1
a: Exsanguinate, Renounce Religion


You were on level 5 of the Dungeon.
You worshipped Hepliaklqana.
Hepliaklqana was noncommittal.
You were a tree.
You visited 2 branches of the dungeon, and saw 6 of its levels.

You collected 241 gold pieces.

Inventory:

Armour
 a - a +0 animal skin
 j - a +1 helmet
 p - a +0 chain mail (melded)
Jewellery
 r - an amulet of reflection
Talismans
 c - a beast talisman
Scrolls
 d - 5 scrolls of identify {unknown}
 e - 3 scrolls of teleportation {unknown}
 f - a scroll of noise {unknown}
 h - a scroll of fog {unknown}
 i - 2 scrolls of enchant armour {unknown}
 m - 2 scrolls of fear {unknown}
 n - a scroll of vulnerability {unknown}
 s - a scroll of blinking {unknown}
Potions
 b - 3 potions of lignification
 g - 2 potions of attraction {unknown}
 k - a potion of degeneration {unknown}
 l - 3 potions of might {unknown}
 o - 2 potions of mutation
 q - a potion of curing {unknown}


   Skills:
 + Level 4.1 Fighting
 - Level 2.1 Dodging
 + Level 5.1 Unarmed Combat
 - Level 3.2 Shapeshifting


You had 4 spell levels left.
You didn't know any spells.
Your spell library contained the following spells:

 Spells                   Type           Power      Damage    Failure   Level
 Magic Dart               Conj           0%         1d3       43%         1
 Call Imp                 Summ           0%         N/A       56%         2
 Poisonous Vapours        Pois/Air       0%         N/A       56%         2
 Dazzling Flash           Conj/Hex       0%         N/A       80%         3
 Mephitic Cloud           Conj/Pois/Air  0%         N/A       80%         3
 Agony                    Necr           0%         N/A       100%        5
 Freezing Cloud           Conj/Ice/Air   0%         6-21      100%        5
 Silence                  Hex/Air        0%         N/A       100%        5


Dungeon Overview and Level Annotations

Branches:
Dungeon (5/15)             Temple (1/1) D:4

Altars:
Ashenzari
Cheibriados
Fedhas
Gozag
Hepliaklqana
Makhleb
Nemelex Xobeh
Okawaru
Qazlal
Ru
Sif Muna
Trog
Uskayaw
Vehumet
Wu Jian
Xom
Yredelemnul


Innate Abilities, Weirdness & Mutations

You are a tree.
Your roots penetrate the ground, keeping you stationary.
You cannot be teleported.
You are immune to unholy pain and torment.
Your maximum health is greatly increased.
Your equipment is partially melded.
Your natural rate of healing is accelerated.
((You have razor-sharp teeth.))
You have supernaturally acute eyesight. (SInv)
You are afflicted with vampirism and can become a bat while bloodless.
((You have a pair of small horns on your head.))
You are dopey. (Int -2)
Your muscles are strong. (Str +4, Int/Dex -1)
You occasionally lose the ability to drink potions when taking damage.


Message History

Where to? (Enter - D:4, ? - help)
There is a stone staircase leading down here.
You climb downwards.
The iguana hisses angrily.
The adder hisses angrily.
There is a stone staircase leading up here.
There are monsters nearby!
There are monsters nearby!
There are monsters nearby!
There are monsters nearby!
There are monsters nearby!
An ogre comes into view. It is wielding a +0 giant club.
The ogre shouts!
You barely miss the ogre.
The ogre hits you with a +0 giant club!!
Ouch! That really hurt!
* * * LOW HITPOINT WARNING * * *
You are too injured to fight recklessly!
You are too injured to fight recklessly!
You are too injured to fight recklessly!
Really quaff the potion of lignification?
Your transformation has ended.
You turn into a tree.
Your +0 chain mail melds into your body.
Your roots penetrate the ground.
You smack the ogre!
The ogre is moderately wounded.
The ogre barely misses you.
You hit the ogre.
The ogre is heavily wounded.
You hit the ogre.
The ogre is severely wounded.
The ogre hits you with a +0 giant club!
* * * LOW HITPOINT WARNING * * *
The iguana bites you.
* * * LOW HITPOINT WARNING * * *
It was a potion of mutation.
You feel extremely strange.
You occasionally lose the ability to drink potions when taking damage.
You feel stronger.
You feel stupid. A pair of horns grows on your head!
The adder barely misses you. The iguana bites you!
You die...

... .#.. ...##
#... .... #...#.
...# .... ##....
... .....
#.....##.##.....
##.......#......
................
......O♣S.......
......l#<.......
.....#.###......
###. #. ..... #
#. .... .. .#.
.. # ..


You could see an ogre, an iguana and an adder.

Vanquished Creatures
  A phantom (D:4)
  A scorpion (D:4)
  4 adders
  2 worms
  A dart slug (D:3)
  8 orcs
  4 bats
  5 endoplasms
  7 goblins
  9 hobgoblins
  6 kobolds
  2 quokkas
  10 ball pythons
  5 frilled lizards
  3 rats (D:1)
68 creatures vanquished.

Notes
Turn   | Place    | Note
-------+----------+-------------------------------------------
     0 | D:1      | cforsyth the Vampire Shapeshifter began the quest for the
                  | Orb.
     0 | D:1      | Reached XP level 1. HP: 16/16 MP: 1/1
   116 | D:1      | Reached XP level 2. HP: 19/22 MP: 2/2
   484 | D:1      | Reached skill level 3 in Unarmed Combat
   811 | D:1      | Gained mutation: You are afflicted with vampirism and can
                  | become a bat while bloodless. [Vampire growth]
   811 | D:1      | Reached XP level 3. HP: 28/28 MP: 3/3
  1503 | D:3      | Reached XP level 4. HP: 35/35 MP: 4/4
  2059 | D:4      | Reached skill level 4 in Unarmed Combat
  2226 | D:4      | Noticed a phantom
  2234 | D:4      | Killed a phantom
  2235 | D:4      | Reached XP level 5. HP: 42/42 MP: 5/5
  2348 | D:4      | Found a staircase to the Ecumenical Temple.
  2362 | Temple   | Entered the Ecumenical Temple
  2477 | Temple   | Became a worshipper of Hepliaklqana the Forgotten
  2631 | D:4      | Reached skill level 5 in Unarmed Combat
  2850 | D:5      | Entered Level 5 of the Dungeon
  2851 | D:5      | Noticed an ogre
  2856 | D:5      | HP: 2/63 [iguana (4)]
  2857 | D:5      | Gained mutation: You occasionally lose the ability to drink
                  | potions when taking damage. [potion of mutation]
  2857 | D:5      | Gained mutation: Your muscles are strong. (Str +4, Int/Dex
                  | -1) [potion of mutation]
  2857 | D:5      | Gained mutation: You are dopey. (Int -2) [potion of
                  | mutation]
  2857 | D:5      | Gained mutation: You have a pair of small horns on your
                  | head. [potion of mutation]
  2857 | D:5      | Slain by an iguana

Illustrated notes

Levels and vault maps discovered:
D:1:      roderic_chinese_lattice_arrival, layout_loops_corners
D:2:      layout_rooms, item_on_display_a
D:3:      layout_rooms
D:4:      layout_basic, minmay_temple_entry_offerings, serial_forest,
          infiniplex_forest_end_2, infiniplex_forest_straight_1,
          infiniplex_forest_lined_2, infiniplex_forest_end_1,
          infiniplex_forest_lined_3, infiniplex_forest_zigzag_2,
          grunt_decor_clamped
D:5:      layout_cave_pools, sigmund_army
Temple:   dpeg_five_rooms_temple

Skill      XL: |  1  2  3  4  5 |
---------------+----------------+-----
Fighting       | 2 3 4 |  4.1
Unarmed Combat | 3 4 5 |  5.1
Dodging        | |  2.1
Shapeshifting  | |  3.2

Action                     |  1- 3 |  4- 6 || total
---------------------------+-------+-------++-------
  Melee: Unarmed           |   107 |   105 ||   212
         Bite              |     8 |     9 ||    17
         Punch             |     2 |     5 ||     7
    Use: Potion            |       |     2 ||     2
   Stab: Sleeping          |     2 |       ||     2
 Armour: Animal skin       |    21 |     9 ||    30
         Chain mail        |       |    25 ||    25
  Dodge: Dodged            |    63 |    57 ||   120

Table legend: (Time is in decaauts)
 A = Elapsed time spent in this place.
 B = Non-inter-level travel time spent in this place.
 C = Inter-level travel time spent in this place.
 D = Time resting spent in this place.
 E = Time spent auto-exploring this place.
 F = Levels seen in this place.
 G = Mean time per level.
                   A        B        C        D        E       F      G
               +--------+--------+--------+--------+--------+-----+--------+
         Total |   2844 |   2594 |    250 |    100 |   2000 |   6 |  474.0 |
       Dungeon |   2676 |   2571 |    105 |    100 |   2000 |   5 |  535.2 |
        Temple |    167 |     22 |    145 |      0 |      0 |   1 |  167.0 |
               +--------+--------+--------+--------+--------+-----+--------+

Top non-repeatable levels by time:
     D:1: 995 daAuts
     D:4: 673 daAuts
     D:3: 514 daAuts
     D:2: 486 daAuts
  Temple: 167 daAuts
     D:5: 6 daAuts
